 Dungeon Crawl Stone Soup version 0.31-a0-188-g5e087ee2ca (webtiles) character file.

Game seed: 4265244319223500999

118 qw the Skirmisher (level 4, -1/25 HPs)
             Began as a Deep Elf Hunter on June 23, 2023.
             Slain by a river rat (4 damage)
             ... on level 3 of the Dungeon.
             The game lasted 00:00:47 (1850 turns).

qw the Skirmisher (Deep Elf Hunter)                 Turns: 1850, Time: 00:00:47

Health: -1/25      AC:  3    Str: 10    XL:     4   Next: 72%
Magic:  6/6        EV: 12    Int: 14    God:
Gold:   96         SH:  0    Dex: 18    Spells: 3/3 levels left

rFire   . . .        g - +0 orcbow
rCold   . . .        (shield currently unavailable)
rNeg    . . .        c - +0 leather armour
rPois   .            (no helmet)
rElec   .            (no cloak)
rCorr   .            (no gloves)
SInv    .            (no boots)
Will    .....        (no amulet)
Stlth   +            (no ring)
HPRegen 0.24/turn    (no ring)
MPRegen 0.10/turn

%: no passive effects
@: very slow
A: no striking features
a: no special abilities


You were on level 3 of the Dungeon.
You visited 1 branch of the dungeon, and saw 3 of its levels.

You collected 96 gold pieces.


   Skills:
 - Level 1.5 Fighting
 + Level 8.1 Ranged Weapons
 - Level 2.4 Dodging
 - Level 1.2 Stealth


You had 3 spell levels left.
You didn't know any spells.
Your spell library was empty.

Inventory:

Hand Weapons
 g - a +0 orcbow (weapon)
Armour
 c - a +0 leather armour (worn)
 h - a +0 scale mail
Jewellery
 b - a ring of ice
Scrolls
 a - a scroll of brand weapon {unknown}
Potions
 d - a potion of berserk rage {unknown}
 e - a potion of magic {unknown}
 f - a potion of curing {unknown}

Dungeon Overview and Level Annotations

Branches:
Dungeon (3/15)

Altars:

Shops:
D:2 :


Message History

Enter note:
Enter note:
Enter note:
Enter note:
Enter note:
Enter note:
Enter note:
Enter note: You shoot an arrow.
The arrow hits the worm!
The worm is severely wounded.
A river rat comes into view.
You shoot an arrow. The arrow barely misses the worm.
The arrow closely misses the river rat.
You shoot an arrow. The arrow hits the worm.
The worm is severely wounded.
You shoot an arrow. The arrow barely misses the worm.
A worm comes into view.
The worm splashes around in the water.
You shoot an arrow. The arrow hits the worm.
You kill the worm!
You shoot an arrow.
The arrow hits the river rat but does no damage.
The river rat bites you.
You shoot an arrow.
The arrow hits the river rat but does no damage.
The river rat bites you.
You shoot an arrow. The arrow hits the river rat.
The river rat is moderately wounded.
The river rat misses you. The river rat closely misses you.
You shoot an arrow.
The arrow hits the river rat but does no damage.
The river rat is moderately wounded.
The river rat twitches its whiskers.
The river rat bites you. x2
You shoot an arrow. The arrow closely misses the river rat.
The river rat bites you. x2
You shoot an arrow. The arrow hits the river rat.
The river rat is severely wounded.
The river rat bites you. x2
You die...

####'############~~........#..#..
......# #~~~.......#..#.. ......#
###~#....%......#.. ......##
~~#~~~..........#.. .......#
##~#~#~..........#.. ..##...#
~~#~~~~.........#.. ..##...#
#w#~#~..)%......##. ########
#r#~#~....###...#.. #r@~#...#%#
#..<#.. ############
#####.....###.#.#..
#.........%####....###%..#.#.#..
#..................# #.#...#.#.)
#........|.........# #.....#.#..
##..................######....##.
...........................#.....
#########...........######.#..##.
#...........# #..........


You could see a worm and 2 river rats.

Vanquished Creatures
  3 adders
  2 river rats (D:3)
  3 worms
  An orc (D:3)
  7 ball pythons
  3 endoplasms
  2 giant cockroaches (D:1)
  3 goblins
  5 hobgoblins (D:1)
  8 jackals
  6 kobolds
  2 quokkas
  9 bats
  3 frilled lizards (D:2)
  5 rats
62 creatures vanquished.

Notes
Turn   | Place    | Note
-------+----------+-------------------------------------------
     0 | D:1      | qw the Deep Elf Hunter began the quest for the Orb.
     0 | D:1      | Reached XP level 1. HP: 12/12 MP: 3/3
     0 | D:1      | 0 ||| qw: Version: 0.3-a-9-g12657ce
     0 | D:1      | 0 ||| qw: Game counter: 4346
     0 | D:1      | 0 ||| qw: Always use a shield: true
     0 | D:1      | 0 ||| qw: God list: Okawaru
     0 | D:1      | 0 ||| qw: Allow faded altars: false
     0 | D:1      | 0 ||| qw: Do Orc after D:15 true
     0 | D:1      | 0 ||| qw: Do second Lair branch before Depths: true
     0 | D:1      | 0 ||| qw: Lair rune preference: random
     0 | D:1      | 0 ||| qw: Plans: Normal
     0 | D:1      | 0 ||| PLANNING D:1-11
    70 | D:1      | 70 ||| FLEEEEING.
   121 | D:1      | Reached XP level 2. HP: 16/16 MP: 4/4
   127 | D:1      | Reached skill level 6 in Ranged Weapons
   166 | D:1      | 166 ||| FLEEEEING.
   452 | D:1      | HP: 3/16 [hobgoblin (3)]
   454 | D:1      | Reached XP level 3. HP: 4/20 MP: 5/5
   596 | D:1      | 596 ||| DROPPING scroll of butterflies.
   883 | D:2      | Reached skill level 7 in Ranged Weapons
  1100 | D:2      | Found Jampasac's Book Shoppe.
  1175 | D:2      | 1175 ||| READING scroll labelled JESOBL TYAN.
  1235 | D:3      | 1235 ||| PLANNING SEWER
  1299 | D:3      | Reached XP level 4. HP: 19/25 MP: 6/6
  1409 | D:3      | Found a faded altar of an unknown god.
  1523 | D:3      | Reached skill level 8 in Ranged Weapons
  1670 | D:3      | 1670 ||| SWAPPING to +0 orcbow.
  1671 | D:3      | 1671 ||| DROPPING +0 shortbow.
  1850 | D:3      | HP: 3/25 [river rat (6)]
  1850 | D:3      | Slain by a river rat

Levels and vault maps discovered:
D:1:      minmay_arrival_cross, layout_basic
D:2:      layout_basic, serial_shops, nicolae_shop_real_fake_doors
D:3:      layout_basic, dreamdust_ecumenical_altar_statues,
          lightli_sewer_entry_pipes

Skill      XL: |  1  2  3  4 |
---------------+-------------+-----
Ranged Weapons | 6 7 8 |  8.1
Fighting       | |  1.5
Dodging        | |  2.4
Stealth        | |  1.2

Action                     |  1- 3 |  4- 6 || total
---------------------------+-------+-------++-------
   Fire: Shortbow          |   134 |    61 ||   195
         Orcbow            |       |    19 ||    19
    Use: Scroll            |     1 |       ||     1
 Armour: Leather armour    |    13 |     8 ||    21
  Dodge: Dodged            |    47 |    39 ||    86

Table legend:
 A = Non-vault XP
 B = Vault XP
 C = Vault XP percentage of total XP
 D = Non-vault monster count
 E = Vault monster count
 F = Vault count percentage of total count
                 A         B        C        D         E       F
            +---------+---------+-------+---------+---------+-------
      Total |     133 |      36 |  21.3 |      58 |       4 |   6.5
            +---------+---------+-------+---------+---------+-------
        D:1 |      45 |       0 |   0.0 |      26 |       0 |   0.0
        D:2 |      43 |       0 |   0.0 |      12 |       0 |   0.0
        D:3 |      45 |      36 |  44.4 |      20 |       4 |  16.7
            +---------+---------+-------+---------+---------+-------
